cohdb
Replays
Latest Replays
All Replays
Popular Replays
Top Player Replays
Match Explorer
How It Works
Community
CoH3 Stats
Reddit
Sign in to upload your games and track your stats! →
Sign in with Steam
Match 41216934
Unlisted
Match 41216934
Overview
Messages
Build Orders
End
Pioneer Squad
Construct Infanterie Kompanie
Selects Terror Battlegroup
Selects Machine Gun Camouflage
MG 42 Machine Gun Team
Grenadier Squad
Grenadier Squad
Infanterie Officer Quarters
Grenadier Squad
Medical Station
Construct Luftwaffe Kompanie
Selects Contempt for the Weak
Jäger Squad
221 Scout Car
Support Elements
Selects Propaganda Leaflet Drop
Jäger Squad
Wirbelwind Flakpanzer
Pioneer Squad
Selects V1 Rocket Strike
Selects V1 Rocket Strike
Marder III M Tank Destroyer
Wirbelwind Flakpanzer
Jäger Squad
Pioneer Squad
jerjawe
D O M I N A T I O N
0
0
Comments
sign in to comment!
No comments posted yet!